Map: Abandoned Parish

Players

Feathetal - Winner!

  • Race: Protoss Protoss
  • Spawn Location: 3:00

A.I. 1 (Elite)

  • Race: Zerg Zerg
  • Spawn Location: 6:00

A.I. 2 (Elite)

  • Race: Zerg Zerg
  • Spawn Location: 7:00

A.I. 3 (Elite) - Winner!

  • Race: Zerg Zerg
  • Spawn Location: 9:00

A.I. 4 (Elite) - Winner!

  • Race: Zerg Zerg
  • Spawn Location: 12:00

A.I. 5 (Elite)

  • Race: Zerg Zerg
  • Spawn Location: 6:00

A.I. 6 (Elite)

  • Race: Zerg Zerg
  • Spawn Location: 3:00

A.I. 7 (Elite) - Winner!

  • Race: Zerg Zerg
  • Spawn Location: 12:00

VOD

Have the link to the VOD?

Description

Time

  • Played on: Dec. 28, 2015, 1:04 a.m.
  • Length: 27:52
Show
View Real Time Build Order
Export as new Build Order

Feathetal Protoss - Winner!

Build Orders:  

Get SALT Encoding   

  12  0:06  Probe (Chrono Boost)  
  13  0:17  Probe (Chrono Boost)  
  14  0:23  Assimilator  
  14  0:27  Probe (Chrono Boost)  
  15  0:34  Assimilator  
  15  0:54  Pylon  
  15  0:57  Pylon  
  15  1:03  Pylon  
  15  1:12  Probe (Chrono Boost)  
  15  1:17  Gateway  
  16  1:23  Probe (Chrono Boost)  
  17  1:33  Probe (Chrono Boost)  
  18  1:48  Probe (Chrono Boost)  
  19  1:59  Probe (Chrono Boost)  
  19  2:00  Forge  
  20  2:05  Zealot  
  22  2:09  Probe (Chrono Boost)  
  23  2:20  Probe (Chrono Boost)  
  23  2:22  Cybernetics Core  
  24  2:24  Pylon  
  24  2:27  Pylon  
  24  2:30  Probe (Chrono Boost)  
  24  2:33  Pylon  
  25  2:41  Pylon  
  25  3:01  Photon Cannon  
  25  3:04  Photon Cannon  
  25  3:07  Protoss Air Weapons Level 1  
  25  4:20  Stargate  
  25  4:21  Stargate  
  25  4:23  Stargate  
  25  4:24  Stargate  
  25  4:46  Nexus  
  25  4:49  Pylon  
  25  5:40  Mothership Core (Chrono Boost)  
  27  5:45  Photon Cannon  
  27  5:47  Photon Cannon  
  27  5:48  Photon Cannon  
  27  5:54  Photon Cannon  
  27  5:57  Assimilator  
  27  6:02  Assimilator  
  27  6:04  Probe (Chrono Boost)  
  28  6:14  Probe (Chrono Boost)  
  29  6:25  Probe (Chrono Boost)  
  30  6:29  Probe (Chrono Boost)  
  31  6:35  Probe (Chrono Boost)  
  31  6:36  Void Ray x3  
  45  6:40  Probe (Chrono Boost)  
  45  6:44  Protoss Air Armor Level 1  
  45  6:46  Probe (Chrono Boost)  
  46  6:50  Probe (Chrono Boost)  
  47  7:01  Probe (Chrono Boost)  
  48  7:11  Probe (Chrono Boost)  
  49  7:22  Photon Cannon x2  
  49  7:31  Photon Cannon  
  49  7:45  Fleet Beacon  
  49  8:53  Protoss Air Weapons Level 2  
  49  8:57  Void Ray x4  
  65  9:39  Void Ray  
  57  10:21  Void Ray  
  57  10:22  Void Ray x3  
  73  11:04  Void Ray (Chrono Boost)  
  73  11:05  Void Ray (Chrono Boost)  
  73  11:09  Protoss Air Armor Level 2, Void Ray (Chrono Boost)  
  73  11:10  Void Ray (Chrono Boost)  
  89  11:53  Void Ray (Chrono Boost)  
  93  12:43  Protoss Shields Level 1  
  93  13:25  Protoss Air Weapons Level 3  
  93  13:34  Twilight Council  
  93  13:59  Pylon  
  93  14:01  Pylon  
  93  14:05  Pylon  
  93  14:18  Void Ray x2 (Chrono Boost)  
  85  14:55  Void Ray (Chrono Boost)  
  81  15:16  Void Ray (Chrono Boost)  
  77  15:32  Void Ray (Chrono Boost)  
  57  15:54  Void Ray (Chrono Boost)  
  61  16:09  Void Ray (Chrono Boost)  
  65  16:31  Void Ray (Chrono Boost)  
  69  16:47  Void Ray (Chrono Boost)  
  69  18:59  Protoss Air Armor Level 3  
  69  19:07  Protoss Shields Level 2  
  73  20:00  Void Ray x2 (Chrono Boost)  
  73  20:05  Void Ray (Chrono Boost)  
  73  20:06  Void Ray (Chrono Boost)  
  85  20:38  Void Ray x2 (Chrono Boost)  
  97  20:48  Void Ray (Chrono Boost)  
  97  20:49  Void Ray (Chrono Boost)  
  105  21:31  Void Ray x2 (Chrono Boost)  
  109  21:49  Assimilator  
Show
View Real Time Build Order
Export as new Build Order

A.I. 1 (Elite) Zerg 

Build Orders: Hatch First 

Get SALT Encoding   

  12  0:01  Drone  
  13  0:12  Overlord  
  13  0:17  Drone  
  14  0:30  Drone x2  
  14  0:34  Drone  
  17  0:55  Hatchery  
  17  0:57  Drone  
  17  1:14  Spawning Pool  
  17  1:15  Extractor  
  17  1:17  Drone  
  16  1:21  Drone  
  17  1:25  Drone  
  17  1:29  Drone  
  19  1:38  Overlord  
  19  2:00  Drone  
  21  2:01  Zergling x2  
  21  2:03  Queen  
  23  2:10  Queen  
  25  2:16  Drone  
  25  2:21  Drone  
  27  2:35  Roach Warren  
  26  2:37  Drone  
  26  2:40  Drone  
  26  2:43  Zergling x2  
  29  2:47  Zergling x2  
  30  2:52  Overlord  
  30  2:55  Drone  
  31  2:58  Drone  
  31  3:00  Drone  
  31  3:04  Drone  
  34  3:15  Roach  
  34  3:16  Roach  
  34  3:17  Roach  
  40  3:20  Roach  
  40  3:25  Overlord  
  40  3:27  Drone  
  43  3:28  Drone  
  43  3:33  Overlord  
  44  3:37  Overlord  
  44  3:43  Roach  
  44  3:44  Roach  
  44  3:47  Roach  
  50  3:50  Roach  
  50  3:54  Roach  
  54  3:57  Roach  
  54  4:00  Roach  
  54  4:02  Roach  
  60  4:05  Drone  
  60  4:07  Drone  
  60  4:08  Drone  
  63  4:11  Drone  
  63  4:14  Extractor  
  64  4:17  Drone  
  64  4:20  Overlord  
  64  4:24  Zergling x2  
  64  4:27  Overlord  
  64  4:29  Drone  
  66  4:31  Drone  
  66  4:33  Drone  
  67  4:39  Drone  
  67  4:40  Roach  
  67  4:42  Roach  
  67  4:44  Roach  
  74  4:46  Roach  
  74  4:50  Overlord  
  74  4:52  Drone  
  76  4:55  Zergling x2  
  76  4:56  Drone  
  76  4:58  Drone  
  79  5:00  Drone  
  79  5:04  Overlord  
  80  5:11  Lair  
  80  5:12  Roach  
  82  5:15  Roach  
  82  5:18  Roach  
  82  5:21  Roach  
  88  5:23  Overlord  
  88  5:33  Drone  
  88  5:35  Drone  
  90  5:36  Extractor  
  90  5:39  Drone  
  90  5:40  Drone  
  90  5:41  Drone  
  93  5:42  Drone  
  93  5:58  Extractor  
  93  6:00  Drone  
  93  6:02  Overlord  
  93  6:03  Drone  
  94  6:04  Drone  
  94  6:05  Drone  
  96  6:11  Infestation Pit  
  96  6:12  Drone  
  96  6:15  Hydralisk Den  
  96  6:18  Evolution Chamber  
  94  6:19  Drone  
  94  6:23  Drone  
  94  6:24  Drone  
  97  6:26  Evolution Chamber, Drone  
  97  6:29  Drone  
  98  6:36  Hatchery  
  98  6:37  Drone  
  97  6:44  Zerg Missile Weapons Level 1  
  97  6:47  Hydralisk  
  97  6:48  Ravager  
  97  6:49  Infestor  
  97  6:51  Hydralisk  
  97  6:53  Overlord, Zerg Ground Armor Level 1  
  104  7:05  Infestor  
  106  7:10  Overseer  
  106  7:12  Spine Crawler  
  106  7:14  Zergling x2  
  105  7:16  Drone  
  105  7:19  Ravager  
  105  7:21  Hydralisk, Zergling x2  
  105  7:22  Spine Crawler  
  102  7:24  Drone  
  102  7:27  Hydralisk  
  101  7:41  Hydralisk  
  99  7:45  Infestor  
  101  7:53  Drone  
  101  7:54  Queen  
  101  7:56  Drone  
  101  7:57  Extractor  
  104  7:58  Drone  
  104  8:02  Drone  
  104  8:03  Infestor  
  104  8:05  Roach  
  110  8:06  Drone  
  110  8:08  Roach  
  110  8:09  Drone  
  110  8:12  Drone  
  115  8:13  Overlord  
  115  8:15  Drone  
  115  8:17  Roach  
  115  8:18  Drone  
  119  8:20  Roach  
  119  8:21  Drone  
  119  8:23  Roach  
  119  8:24  Drone  
  119  8:26  Roach  
  119  8:27  Drone  
  119  8:29  Roach  
  119  8:30  Drone, Extractor  
  119  8:31  Drone  
  119  8:33  Roach  
  115  8:34  Drone  
  115  8:36  Roach  
  115  8:37  Roach  
  115  8:38  Spore Crawler, Drone  
  115  8:40  Overlord  
  120  8:41  Overseer  
  120  8:43  Drone  
  120  8:44  Roach  
  120  8:46  Spore Crawler, Roach  
  126  8:48  Roach  
  126  8:56  Roach  
  126  8:58  Roach  
  126  9:00  Roach  
  126  9:01  Overlord  
  132  9:03  Roach  
  132  9:04  Roach  
  132  9:09  Spire  
  135  9:11  Drone  
  136  9:22  Overlord  
  136  9:24  Hydralisk  
  136  9:28  Roach  
  136  9:29  Hydralisk  
  140  9:32  Hydralisk  
  142  9:40  Hive  
  142  9:44  Overlord  
  122  10:16  Roach  
  122  10:19  Roach  
  122  10:21  Mutalisk, Roach  
  128  10:24  Roach  
  128  10:25  Roach  
  128  10:27  Overlord  
  134  10:29  Roach  
  134  10:31  Roach  
  134  10:32  Roach  
  134  10:35  Roach  
  142  10:37  Overseer  
  142  10:40  Roach  
  142  10:43  Corruptor  
  142  10:49  Overlord  
  144  10:51  Mutalisk  
  144  10:56  Roach  
  144  10:58  Hatchery  
  144  11:00  Mutalisk, Greater Spire  
  145  11:04  Mutalisk  
  145  11:07  Mutalisk  
  145  11:09  Overlord  
  145  11:11  Roach  
  145  11:15  Roach  
  145  11:17  Roach  
  143  11:19  Roach  
  143  11:20  Roach  
  143  11:24  Hydralisk  
  149  11:32  Mutalisk  
  149  11:41  Hydralisk  
  149  11:43  Hydralisk  
  149  11:44  Overlord  
  149  11:46  Spine Crawler  
  150  11:51  Mutalisk  
  150  11:58  Overseer  
  149  12:05  Mutalisk  
  151  12:13  Hydralisk  
  153  12:17  Overlord  
  153  12:18  Hydralisk  
  153  12:20  Hydralisk  
  157  12:24  Hydralisk  
  157  12:28  Hydralisk  
  161  12:34  Overseer  
  161  12:36  Overseer  
  161  12:38  Overlord  
  161  12:41  Zergling x2  
  161  13:01  Pneumatized Carapace  
  161  13:12  Mutalisk  
  163  13:20  Mutalisk  
  165  13:34  Mutalisk  
  165  13:36  Overlord  
  165  13:39  Mutalisk  
  169  13:50  Mutalisk  
  171  13:58  Mutalisk  
  171  14:02  Overlord  
  173  14:05  Mutalisk  
  175  14:18  Mutalisk  
  177  14:27  Mutalisk  
  179  14:33  Hydralisk  
  179  14:37  Roach  
  156  14:40  Zergling x2  
  156  14:42  Roach  
  156  14:45  Roach  
  159  14:49  Roach  
  161  14:58  Hydralisk  
  163  15:00  Hydralisk  
  163  15:04  Hydralisk  
  167  15:17  Mutalisk  
  167  15:26  Roach  
  167  15:31  Zergling x2  
  167  15:35  Mutalisk  
  150  15:45  Hydralisk  
  150  15:47  Roach  
  131  15:51  Roach  
  96  16:19  Zergling x2  
  79  16:46  Zergling x2  
  71  17:22  Roach  
  73  18:00  Roach  
  77  18:20  Roach  
  77  18:33  Roach  
  79  19:04  Hydralisk  
  81  19:16  Infestor  
  83  19:23  Roach  
  85  19:50  Hydralisk  
  87  20:09  Hydralisk  
  69  20:59  Ultralisk Cavern  
  62  21:38  Roach  
  64  21:48  Ultralisk  
  70  22:31  Overseer  
  69  23:52  Zergling x2  
  69  24:01  Ultralisk  
  74  24:13  Zergling x2  
  36  24:59  Zergling x2  
  10  25:32  Drone  
  2  27:31  Drone  
Show
View Real Time Build Order
Export as new Build Order

A.I. 2 (Elite) Zerg 

Build Orders: Pool First 

Get SALT Encoding   

  12  0:01  Drone  
  13  0:12  Overlord  
  13  0:16  Drone  
  14  0:30  Drone x2  
  14  0:34  Drone  
  17  0:47  Spawning Pool  
  17  0:49  Drone  
  17  0:55  Drone  
  18  1:00  Extractor  
  17  1:06  Drone  
  18  1:17  Drone  
  19  1:27  Overlord  
  19  1:34  Queen  
  19  1:38  Zergling x2  
  22  1:49  Drone, Extractor  
  22  2:00  Drone  
  23  2:10  Drone, Queen  
  23  2:13  Roach Warren  
  25  2:26  Hatchery  
  25  2:29  Drone  
  25  2:34  Drone  
  26  2:42  Drone  
  26  2:43  Drone  
  28  2:48  Drone  
  29  2:51  Drone  
  30  2:59  Overlord  
  30  3:17  Zergling x2  
  30  3:18  Drone, Zergling x2  
  30  3:19  Drone  
  34  3:23  Roach  
  36  3:34  Roach  
  38  3:37  Overlord  
  42  3:41  Roach x2  
  42  3:48  Lair  
  42  3:56  Overlord  
  42  3:59  Zergling x2  
  44  4:02  Zergling x2  
  44  4:04  Zergling x2  
  44  4:07  Drone  
  44  4:09  Drone  
  47  4:12  Drone  
  47  4:15  Drone  
  49  4:18  Drone  
  49  4:21  Roach  
  52  4:25  Roach  
  52  4:29  Overlord  
  54  4:37  Drone  
  55  4:40  Drone  
  55  4:42  Drone  
  55  4:44  Drone  
  58  4:48  Overlord  
  58  4:52  Drone, Infestation Pit  
  58  4:54  Overlord  
  58  4:58  Roach  
  58  5:00  Zergling x2  
  56  5:08  Hydralisk Den  
  56  5:10  Drone  
  56  5:11  Drone  
  56  5:13  Drone  
  55  5:16  Drone  
  55  5:17  Drone  
  57  5:21  Drone  
  57  5:23  Drone  
  57  5:25  Drone  
  60  5:32  Drone  
  61  5:36  Roach  
  61  5:37  Drone  
  61  5:38  Roach  
  61  5:39  Drone  
  67  5:43  Drone  
  67  5:47  Roach  
  70  5:54  Infestor  
  70  5:55  Ravager  
  70  5:56  Overlord  
  73  5:57  Evolution Chamber  
  72  6:04  Hydralisk  
  72  6:06  Hydralisk, Roach  
  72  6:07  Ravager  
  72  6:09  Hatchery, Drone  
  79  6:13  Hydralisk  
  79  6:16  Hydralisk  
  83  6:20  Overlord  
  83  6:23  Zerg Ground Armor Level 1  
  82  6:28  Drone  
  82  6:30  Roach  
  85  6:33  Infestor  
  85  6:36  Evolution Chamber  
  85  6:38  Extractor  
  85  6:42  Drone  
  85  6:43  Hydralisk, Extractor  
  85  6:44  Drone  
  88  6:48  Hydralisk  
  88  6:50  Overlord  
  90  6:57  Hydralisk  
  92  7:01  Drone  
  92  7:02  Zerg Missile Weapons Level 1  
  92  7:03  Drone  
  92  7:07  Hydralisk  
  92  7:08  Drone  
  97  7:09  Drone  
  97  7:12  Overlord  
  97  7:13  Overseer  
  98  7:18  Drone  
  99  7:25  Zergling x2  
  99  7:26  Drone  
  99  7:29  Drone  
  101  7:30  Muscular Augments  
  101  7:32  Drone  
  101  7:33  Zergling x2  
  101  7:34  Drone  
  101  7:35  Extractor  
  102  7:37  Drone  
  102  7:39  Drone  
  102  7:41  Drone  
  102  7:42  Drone  
  102  7:43  Extractor  
  105  7:45  Drone  
  106  7:52  Drone  
  106  7:54  Infestor  
  106  7:55  Overlord  
  109  7:58  Drone  
  109  8:00  Drone  
  109  8:02  Drone, Spine Crawler  
  109  8:03  Roach  
  109  8:05  Drone  
  112  8:07  Drone, Glial Reconstitution  
  112  8:10  Hatchery  
  104  8:14  Drone  
  104  8:15  Drone  
  104  8:18  Drone  
  105  8:25  Drone  
  105  8:26  Ravager  
  97  8:28  Drone  
  97  8:30  Roach  
  97  8:32  Roach  
  97  8:33  Drone  
  99  8:35  Roach  
  99  8:37  Roach  
  99  8:38  Roach  
  99  8:39  Roach  
  107  8:41  Ravager  
  107  8:45  Hive  
  107  8:48  Roach  
  110  8:49  Overlord, Roach  
  112  8:56  Spire, Roach  
  112  8:59  Overseer  
  113  9:08  Overlord  
  113  9:10  Roach  
  113  9:12  Roach  
  113  9:13  Roach  
  119  9:20  Roach  
  119  9:22  Roach  
  125  9:24  Roach  
  125  9:25  Roach  
  125  9:27  Drone  
  125  9:28  Overlord  
  125  9:29  Drone  
  125  9:30  Roach  
  131  9:31  Drone  
  131  9:33  Roach  
  131  9:34  Drone  
  131  9:35  Roach  
  131  9:36  Drone  
  138  9:41  Drone, Extractor  
  138  9:44  Drone  
  139  9:46  Drone  
  139  9:47  Overlord  
  139  9:50  Extractor  
  139  9:52  Drone  
  140  9:55  Drone  
  140  9:57  Hydralisk, Roach  
  140  9:59  Hydralisk  
  145  10:05  Zerg Missile Weapons Level 2  
  145  10:06  Hydralisk  
  147  10:08  Overlord  
  147  10:09  Mutalisk  
  147  10:10  Mutalisk  
  147  10:11  Spine Crawler  
  147  10:12  Mutalisk, Greater Spire  
  147  10:13  Drone  
  155  10:16  Corruptor  
  155  10:18  Mutalisk  
  159  10:22  Mutalisk, Spine Crawler  
  159  10:26  Drone  
  159  10:28  Overlord  
  161  10:30  Overseer  
  161  10:32  Overseer  
  161  10:37  Spine Crawler  
  161  10:39  Mutalisk  
  162  10:44  Drone  
  162  10:45  Mutalisk  
  165  10:50  Spine Crawler  
  165  10:56  Overlord  
  164  10:59  Mutalisk  
  164  11:01  Drone  
  167  11:04  Spine Crawler  
  167  11:10  Infestor  
  168  11:12  Drone  
  168  11:14  Mutalisk  
  168  11:15  Mutalisk  
  173  11:19  Overlord, Spine Crawler  
  173  11:20  Infestor  
  173  11:23  Drone  
  177  11:27  Overseer  
  177  11:32  Roach  
  173  11:36  Spore Crawler  
  173  11:38  Roach  
  168  11:40  Overlord  
  168  11:43  Drone  
  168  11:45  Roach  
  168  11:46  Queen  
  161  11:48  Roach  
  161  11:51  Roach  
  161  11:53  Roach  
  167  11:54  Mutalisk  
  167  11:55  Spore Crawler  
  167  11:56  Roach  
  167  11:58  Mutalisk  
  172  12:01  Overseer  
  172  12:04  Roach  
  172  12:06  Drone  
  172  12:07  Overlord  
  175  12:09  Roach  
  175  12:10  Spore Crawler, Roach  
  175  12:12  Roach  
  180  12:19  Brood Lord  
  180  12:24  Pneumatized Carapace  
  180  12:27  Spore Crawler  
  180  12:28  Overlord  
  178  12:31  Hydralisk  
  178  12:32  Hydralisk  
  178  12:33  Ultralisk Cavern  
  179  12:38  Hydralisk  
  179  12:41  Zergling x2  
  179  12:43  Drone  
  177  12:46  Drone  
  177  12:48  Zergling x2  
  177  12:49  Overlord, Spine Crawler  
  177  12:50  Mutalisk  
  174  12:52  Mutalisk  
  174  12:54  Drone  
  174  12:55  Mutalisk  
  174  12:58  Mutalisk  
  179  13:00  Mutalisk  
  179  13:02  Mutalisk  
  185  13:06  Corruptor  
  185  13:11  Mutalisk  
  189  13:14  Mutalisk  
  191  13:22  Spore Crawler  
  191  13:23  Mutalisk  
  191  13:26  Ultralisk  
  198  13:50  Spore Crawler  
  197  14:27  Spine Crawler  
  196  14:37  Zergling x2  
  190  14:40  Ultralisk  
  190  14:43  Roach  
  190  14:44  Mutalisk  
  192  14:47  Mutalisk  
  192  14:48  Mutalisk  
  188  14:53  Mutalisk  
  188  14:57  Mutalisk  
  162  15:00  Mutalisk  
  162  15:03  Mutalisk  
  162  15:05  Hydralisk  
  143  15:08  Hydralisk  
  143  15:10  Hydralisk  
  143  15:13  Overseer  
  117  15:15  Overlord  
  117  15:18  Hydralisk  
  117  15:21  Zergling x2  
  108  15:33  Hydralisk  
  110  15:36  Hydralisk  
  110  15:39  Mutalisk  
  114  15:45  Overlord  
  114  15:47  Spore Crawler  
  115  16:04  Roach  
  115  16:05  Overlord  
  115  16:07  Roach  
  117  16:12  Roach  
  117  16:14  Roach  
  121  16:20  Spore Crawler  
  121  16:21  Hydralisk  
  121  16:25  Overlord  
  122  16:27  Corruptor  
  122  16:29  Roach  
  122  16:32  Roach  
  128  16:34  Roach  
  130  16:44  Roach  
  130  16:46  Overlord  
  132  16:49  Roach  
  132  16:51  Roach  
  132  16:53  Roach  
  138  17:05  Roach  
  138  17:07  Overlord  
  140  17:09  Roach  
  140  17:11  Roach  
  140  17:13  Roach  
  146  17:20  Spine Crawler  
  145  17:27  Roach  
  145  17:28  Overlord  
  147  17:31  Roach  
  147  17:33  Roach  
  147  17:36  Roach  
  153  17:49  Mutalisk  
  155  17:51  Overlord  
  155  17:53  Mutalisk  
  155  17:56  Mutalisk  
  159  17:58  Mutalisk  
  159  18:01  Overseer  
  159  18:04  Overseer  
  161  18:11  Mutalisk  
  144  18:13  Mutalisk  
  144  18:15  Overlord  
  144  18:18  Zergling x2  
  144  18:19  Hydralisk  
  124  18:21  Hydralisk  
  124  18:24  Zergling x2  
  124  18:25  Hydralisk  
  109  18:27  Ultralisk  
  109  18:29  Hydralisk  
  109  19:21  Infestor  
  111  19:25  Roach  
  111  19:26  Infestor  
  115  20:24  Roach  
  117  20:43  Roach  
  103  23:03  Zergling x2  
  103  23:04  Zergling x2  
  103  23:05  Hydralisk  
  103  23:07  Hydralisk  
  59  25:20  Zergling x2  
  10  26:41  Drone  
Show
View Real Time Build Order
Export as new Build Order

A.I. 3 (Elite) Zerg - Winner!

Build Orders: Pool First, Zergling Baneling 

Get SALT Encoding   

  12  0:01  Drone  
  13  0:07  Drone  
  14  0:17  Overlord  
  14  0:35  Spawning Pool  
  13  0:36  Extractor  
  13  0:39  Drone  
  13  0:44  Drone  
  13  0:48  Drone  
  15  1:22  Zergling x6, Queen  
  20  1:49  Hatchery  
  20  1:53  Drone  
  20  1:58  Zergling x2  
  21  2:03  Zergling x2  
  22  2:13  Overlord  
  22  2:25  Baneling Nest  
  22  2:26  Drone  
  22  2:32  Zergling x2  
  22  2:35  Zergling x2  
  24  2:40  Zergling x2  
  25  2:45  Zergling x2  
  26  3:08  Baneling  
  26  3:09  Zergling x2  
  27  3:20  Overlord  
  27  3:25  Zergling x2  
  28  3:27  Baneling  
  28  3:28  Zergling x2  
  28  3:33  Zergling x2  
  29  3:41  Zergling x2  
  29  3:43  Baneling  
  29  3:45  Zergling x2  
  29  3:47  Baneling  
  31  3:50  Zergling x2  
  31  3:51  Baneling  
  31  3:55  Zergling x2  
  32  4:00  Zergling x2  
  33  4:03  Baneling  
  33  4:06  Zergling x2  
  33  4:08  Baneling  
  33  4:10  Zergling x2  
  33  4:13  Baneling  
  33  4:15  Zergling x2  
  35  4:24  Baneling  
  35  4:25  Drone  
  35  4:27  Baneling  
  36  4:31  Baneling  
  35  4:42  Roach Warren  
  34  4:52  Drone  
  31  4:56  Drone  
  31  5:01  Drone  
  28  5:07  Drone  
  27  5:15  Lair  
  25  5:23  Roach  
  27  5:39  Zergling x2  
  28  5:45  Roach  
  28  5:49  Roach  
  32  5:54  Roach  
  34  5:59  Drone  
  34  6:02  Drone  
  36  6:09  Overlord  
  36  6:12  Extractor  
  36  6:15  Drone, Hydralisk Den  
  36  6:18  Drone  
  34  6:21  Drone  
  34  6:25  Zergling x2  
  35  6:28  Drone  
  35  6:31  Zergling x2  
  35  6:33  Drone  
  35  6:37  Drone  
  31  6:41  Roach x2  
  31  6:45  Roach  
  35  6:50  Roach  
  36  6:54  Zergling x2  
  36  6:57  Hydralisk  
  39  7:02  Zergling x2  
  39  7:07  Hydralisk  
  41  7:12  Roach  
  39  7:16  Roach  
  39  7:18  Zergling x2  
  39  7:22  Roach  
  41  7:25  Zergling x2  
  39  7:34  Queen  
  37  7:39  Roach  
  39  7:44  Overlord  
  39  7:50  Hydralisk  
  41  7:56  Hydralisk  
  43  8:03  Hydralisk  
  45  8:07  Drone  
  46  8:12  Overlord  
  46  8:15  Drone  
  46  8:18  Zergling x2  
  47  8:21  Drone  
  47  8:25  Drone  
  49  8:30  Drone  
  49  8:32  Overseer  
  49  8:33  Drone  
  50  8:41  Drone, Roach  
  53  8:42  Drone  
  53  8:46  Overlord  
  54  8:49  Drone  
  54  8:52  Drone  
  56  8:56  Drone  
  56  9:01  Drone  
  58  9:08  Drone  
  59  9:12  Drone  
  59  9:13  Roach  
  59  9:14  Overlord  
  62  9:18  Drone  
  62  9:23  Drone  
  64  9:29  Drone  
  65  9:34  Drone  
  66  9:39  Drone  
  66  9:44  Evolution Chamber, Drone  
  66  9:45  Overlord  
  67  9:47  Drone  
  67  9:48  Roach  
  67  9:50  Roach  
  71  9:56  Baneling  
  71  9:57  Zergling x2  
  71  9:58  Baneling  
  72  10:01  Zergling x2  
  72  10:04  Extractor  
  70  10:10  Roach  
  70  10:11  Zerg Missile Weapons Level 1, Hydralisk, Extractor  
  64  10:15  Hydralisk  
  64  10:18  Hydralisk, Roach  
  64  10:20  Roach  
  72  10:23  Drone  
  72  10:26  Baneling  
  73  10:29  Zergling x2  
  73  10:34  Drone  
  72  10:40  Zergling x2  
  62  10:43  Roach  
  62  10:47  Hydralisk, Roach  
  64  10:50  Drone  
  64  10:51  Drone  
  64  10:55  Roach  
  60  11:02  Roach  
  61  11:05  Zergling x2  
  61  11:11  Queen  
  60  11:12  Hydralisk  
  60  11:16  Hydralisk  
  66  11:19  Drone  
  66  11:20  Roach  
  66  11:21  Overlord  
  66  11:25  Hydralisk  
  69  11:26  Roach  
  69  11:31  Evolution Chamber  
  67  11:36  Zergling x2  
  67  11:37  Zergling x2  
  66  11:42  Infestation Pit  
  66  11:45  Overseer  
  65  11:49  Overlord  
  65  11:50  Spire  
  64  11:56  Zerg Ground Armor Level 1  
  64  12:13  Roach  
  64  12:14  Roach  
  68  12:16  Roach  
  68  12:18  Hive  
  68  12:20  Roach  
  68  12:21  Overlord  
  72  12:24  Roach  
  72  12:26  Roach  
  72  12:27  Roach  
  72  12:29  Roach  
  80  12:42  Roach  
  80  12:43  Zergling x2  
  65  12:44  Hydralisk, Zergling x2  
  65  12:50  Roach  
  65  12:51  Hydralisk  
  70  12:52  Roach  
  70  12:54  Hydralisk  
  76  13:01  Hydralisk  
  78  13:06  Overlord  
  78  13:12  Roach  
  80  13:16  Corruptor  
  82  13:21  Corruptor  
  82  13:23  Roach  
  82  13:25  Roach  
  88  13:27  Overlord  
  88  13:29  Roach  
  88  13:30  Greater Spire  
  90  13:36  Roach  
  90  13:38  Roach  
  94  13:47  Overlord  
  94  13:49  Roach  
  94  13:53  Roach  
  100  13:55  Roach  
  100  13:57  Hydralisk  
  100  13:59  Hydralisk  
  100  14:01  Mutalisk  
  102  14:08  Zergling x2  
  85  14:11  Zergling x2  
  64  14:19  Corruptor  
  64  14:20  Overseer, Hydralisk  
  64  14:24  Lair  
  64  14:26  Roach  
  64  14:27  Roach  
  64  14:28  Roach  
  62  14:32  Roach  
  62  14:33  Corruptor  
  61  14:42  Zergling x2  
  61  14:43  Zergling x2  
  62  14:51  Queen  
  56  14:53  Roach  
  56  14:54  Roach  
  56  14:57  Hydralisk, Roach  
  56  14:59  Roach  
  64  15:04  Roach  
  64  15:07  Zergling x2  
  55  15:14  Zergling x2  
  55  15:20  Hydralisk  
  49  15:26  Zergling x2  
  19  16:23  Hatchery  
  12  17:34  Overlord  
  12  18:08  Hatchery  
  11  18:30  Spawning Pool  
  10  19:19  Lair  
  10  19:34  Drone  
  10  19:35  Drone  
  12  19:39  Queen  
  14  19:54  Overlord  
  14  20:01  Zergling x2  
  15  20:08  Zergling x2  
  16  20:28  Roach Warren  
  15  20:45  Drone  
  15  20:59  Hydralisk Den  
  14  21:08  Roach  
  16  21:17  Drone  
  17  21:23  Zergling x2  
  18  21:30  Hydralisk  
  20  21:34  Roach  
  22  21:47  Overlord  
  22  21:58  Roach  
  24  22:09  Roach  
  26  22:22  Hydralisk  
  28  22:42  Hydralisk  
  20  23:00  Zergling x2  
  19  23:21  Zergling x2  
  20  23:51  Roach  
  21  24:12  Zergling x2  
  17  24:33  Zergling x2  
  16  25:03  Roach  
  17  26:46  Zergling x2  
Show
View Real Time Build Order
Export as new Build Order

A.I. 4 (Elite) Zerg - Winner!

Build Orders: Pool First 

Get SALT Encoding   

  12  0:01  Drone  
  13  0:12  Overlord  
  13  0:17  Drone  
  14  0:30  Drone  
  15  0:41  Drone, Spawning Pool  
  15  0:46  Drone  
  16  0:50  Drone  
  16  0:53  Extractor  
  16  0:56  Drone  
  17  1:06  Drone  
  18  1:17  Drone  
  19  1:29  Queen  
  19  1:31  Zergling x2  
  22  1:33  Roach Warren  
  22  1:39  Overlord  
  21  1:49  Drone  
  22  2:00  Overlord  
  22  2:14  Roach  
  24  2:21  Roach  
  26  2:32  Roach  
  26  2:36  Overlord, Roach  
  30  2:37  Roach  
  32  2:44  Roach  
  34  2:58  Hatchery  
  34  2:59  Drone  
  34  3:05  Roach  
  36  3:10  Roach  
  38  3:15  Roach  
  40  3:22  Roach  
  42  3:28  Roach  
  42  3:33  Roach  
  46  3:41  Overlord  
  46  3:59  Zergling x2  
  46  4:01  Lair, Extractor  
  45  4:17  Zergling x2  
  46  4:25  Drone  
  46  4:29  Drone, Extractor  
  47  4:33  Drone  
  47  4:36  Drone  
  49  4:40  Drone  
  49  4:44  Drone  
  51  4:47  Drone  
  51  4:52  Drone  
  49  4:55  Drone  
  49  4:58  Drone  
  47  5:03  Drone  
  47  5:04  Drone, Hydralisk Den  
  40  5:08  Drone  
  40  5:13  Roach  
  37  5:18  Roach  
  37  5:22  Roach  
  37  5:26  Roach  
  41  5:28  Drone  
  41  5:31  Drone  
  41  5:34  Drone, Hydralisk  
  46  5:38  Hydralisk  
  48  5:44  Hydralisk  
  48  5:49  Hydralisk  
  52  5:52  Drone  
  52  5:54  Drone  
  54  5:58  Overlord  
  54  6:01  Drone  
  54  6:03  Drone  
  56  6:07  Drone  
  56  6:10  Drone  
  59  6:18  Drone  
  59  6:19  Drone  
  59  6:20  Drone, Overlord  
  59  6:22  Drone  
  62  6:29  Drone  
  63  6:33  Drone  
  63  6:39  Drone  
  65  6:44  Drone  
  66  6:51  Drone, Roach, Overlord  
  66  6:53  Drone  
  66  6:54  Infestation Pit  
  69  6:56  Drone  
  69  7:01  Zergling x2  
  69  7:06  Drone  
  71  7:11  Evolution Chamber  
  71  7:12  Drone  
  71  7:13  Overseer  
  71  7:17  Drone  
  71  7:22  Roach  
  74  7:23  Overlord  
  74  7:25  Roach  
  74  7:26  Roach  
  74  7:29  Roach  
  80  7:30  Evolution Chamber  
  80  7:33  Infestor  
  81  7:38  Zerg Ground Armor Level 1  
  81  7:39  Drone  
  81  7:43  Overlord  
  82  7:45  Extractor  
  82  7:51  Drone  
  82  7:53  Infestor  
  82  7:55  Roach  
  82  7:56  Zergling x2  
  82  7:57  Roach  
  87  8:03  Hatchery, Zergling x2  
  85  8:05  Roach  
  81  8:13  Hydralisk  
  81  8:18  Hydralisk  
  79  8:23  Hydralisk  
  79  8:26  Roach  
  79  8:27  Hydralisk  
  79  8:28  Infestor  
  79  8:30  Hydralisk  
  85  8:34  Hydralisk  
  85  8:38  Drone  
  87  8:45  Hydralisk  
  87  8:48  Overlord  
  89  8:57  Hydralisk  
  89  8:59  Roach  
  89  9:02  Roach  
  95  9:04  Roach  
  95  9:05  Spine Crawler, Roach  
  91  9:10  Zergling x2  
  91  9:12  Zergling x2  
  91  9:15  Spine Crawler  
  91  9:16  Muscular Augments  
  86  9:17  Roach  
  86  9:21  Drone  
  86  9:23  Roach  
  83  9:28  Roach  
  83  9:30  Queen  
  87  9:33  Roach  
  87  9:34  Roach  
  87  9:36  Roach  
  87  9:38  Roach  
  93  9:39  Roach  
  93  9:40  Overlord  
  93  9:42  Roach  
  97  9:48  Roach  
  101  9:54  Roach  
  101  9:56  Extractor  
  97  10:00  Roach  
  97  10:01  Infestor  
  97  10:02  Overlord  
  97  10:04  Drone  
  97  10:06  Roach  
  88  10:11  Hydralisk  
  89  10:15  Infestor  
  89  10:21  Hydralisk  
  89  10:25  Roach  
  93  10:32  Roach  
  93  10:34  Hydralisk, Roach  
  99  10:36  Overlord  
  99  10:38  Roach  
  99  10:45  Zergling x2  
  99  10:47  Zergling x2  
  101  10:53  Zerg Missile Weapons Level 1  
  101  10:56  Ravager  
  102  10:57  Drone  
  102  10:59  Roach  
  102  11:01  Hydralisk  
  102  11:02  Hydralisk  
  109  11:04  Overlord  
  109  11:07  Hydralisk  
  109  11:09  Ravager  
  109  11:10  Roach  
  114  11:12  Drone  
  114  11:17  Drone  
  116  11:18  Spire  
  116  11:19  Drone  
  116  11:21  Drone  
  116  11:23  Drone  
  118  11:30  Overlord  
  118  11:33  Drone  
  118  11:35  Drone  
  118  11:36  Drone  
  121  11:40  Drone  
  121  11:55  Overlord  
  121  11:57  Zergling x2  
  121  12:00  Zergling x2  
  107  12:01  Drone  
  107  12:03  Drone  
  107  12:06  Roach  
  96  12:09  Roach  
  96  12:10  Roach  
  96  12:13  Hatchery, Roach  
  96  12:14  Hive  
  97  12:16  Roach  
  97  12:22  Hydralisk  
  99  12:26  Overseer  
  99  12:29  Corruptor  
  101  12:34  Corruptor, Extractor  
  101  12:36  Roach  
  106  12:37  Drone  
  106  12:39  Roach  
  106  12:40  Roach  
  106  12:41  Roach  
  97  12:47  Roach  
  97  12:48  Roach  
  93  12:51  Roach  
  93  12:54  Roach  
  93  12:57  Roach  
  99  13:03  Roach  
  99  13:05  Roach  
  103  13:07  Roach  
  105  13:13  Roach  
  105  13:16  Roach  
  109  13:23  Hydralisk  
  109  13:26  Greater Spire  
  111  13:27  Hydralisk  
  113  13:34  Hydralisk  
  113  13:38  Hydralisk  
  117  13:45  Hydralisk  
  119  13:53  Hydralisk  
  121  13:57  Hydralisk  
  121  14:02  Hydralisk  
  125  14:05  Hydralisk  
  125  14:08  Overlord  
  127  14:12  Hydralisk  
  127  14:16  Hydralisk  
  131  14:18  Hydralisk  
  131  14:20  Hydralisk  
  135  14:26  Hydralisk  
  135  14:27  Mutalisk  
  135  14:30  Overlord  
  139  14:33  Hydralisk  
  139  14:36  Hydralisk  
  143  14:40  Brood Lord  
  143  14:41  Corruptor  
  147  14:52  Overlord  
  147  14:59  Corruptor  
  145  15:05  Zergling x2  
  140  15:07  Roach  
  140  15:08  Zergling x2  
  140  15:10  Roach  
  140  15:12  Roach  
  133  15:18  Hydralisk  
  133  15:22  Hydralisk  
  133  15:24  Hydralisk  
  135  15:29  Roach  
  135  15:30  Roach  
  135  15:33  Hydralisk  
  139  15:36  Hydralisk  
  133  15:43  Hydralisk  
  133  15:47  Roach  
  133  15:49  Roach  
  131  15:51  Roach  
  131  15:53  Roach  
  131  15:56  Roach  
  129  15:59  Roach  
  129  16:00  Roach  
  129  16:02  Roach  
  129  16:08  Mutalisk  
  123  16:19  Extractor  
  123  16:22  Roach  
  123  16:23  Hydralisk  
  123  16:25  Roach  
  118  16:28  Hydralisk  
  118  16:32  Zergling x2  
  107  16:33  Roach  
  107  16:35  Zergling x2  
  107  16:37  Corruptor  
  107  16:39  Roach  
  96  16:49  Corruptor  
  96  16:53  Roach  
  92  16:55  Roach  
  92  16:57  Hydralisk  
  92  17:00  Roach  
  98  17:03  Roach  
  98  17:05  Roach  
  98  17:19  Infestor  
  100  17:28  Infestor  
  100  17:38  Brood Lord  
  100  17:39  Hydralisk  
  100  17:42  Corruptor  
  106  17:46  Spine Crawler  
  97  18:13  Hydralisk  
  95  18:34  Spine Crawler  
  95  18:36  Brood Lord  
  96  18:43  Spine Crawler  
  96  18:45  Extractor  
  93  19:16  Ultralisk Cavern  
  92  19:46  Mutalisk  
  92  19:48  Roach  
  92  19:51  Roach  
  98  19:55  Roach  
  100  20:05  Mutalisk  
  107  20:07  Ultralisk  
  107  20:09  Zergling x2  
  107  20:12  Hydralisk  
  106  20:18  Hydralisk  
  106  20:19  Spore Crawler  
  107  20:35  Hydralisk  
  104  20:37  Hydralisk, Zergling x2  
  103  20:59  Ultralisk  
  109  21:08  Mutalisk  
  111  21:25  Mutalisk  
  113  22:02  Ultralisk  
  119  22:17  Evolution Chamber  
  118  22:41  Zerg Melee Weapons Level 1  
  118  22:43  Mutalisk  
  120  23:54  Roach  
  120  23:55  Zergling x2  
  121  23:56  Zergling x2  
  121  23:59  Roach  
  100  24:08  Hydralisk  
  88  24:58  Queen  
  90  25:04  Ultralisk  
  89  25:22  Overseer  
  89  25:26  Zergling x2  
  82  25:32  Zergling x2  
  68  25:56  Swarm Host  
  71  26:16  Swarm Host  
  74  26:37  Swarm Host  
  77  27:00  Swarm Host, Zergling x2  
  79  27:03  Zergling x2  
  79  27:05  Roach  
  82  27:10  Roach  
Show
View Real Time Build Order
Export as new Build Order

A.I. 5 (Elite) Zerg 

Build Orders: Hatch First 

Get SALT Encoding   

  12  0:01  Drone  
  13  0:12  Overlord  
  13  0:18  Drone  
  14  0:30  Drone  
  14  0:31  Drone  
  14  0:34  Drone  
  17  0:58  Hatchery, Drone  
  17  1:12  Spawning Pool  
  17  1:14  Drone  
  17  1:18  Extractor  
  16  1:20  Drone  
  16  1:24  Extractor  
  16  1:26  Drone  
  16  1:31  Drone  
  18  1:38  Drone  
  19  1:49  Overlord  
  19  1:58  Queen  
  21  2:04  Zergling x2  
  22  2:10  Drone  
  23  2:25  Queen  
  25  2:30  Drone  
  25  2:34  Drone  
  27  2:38  Drone  
  27  2:43  Drone  
  29  2:57  Roach Warren  
  28  2:59  Drone  
  28  3:03  Drone  
  30  3:07  Zergling x2  
  30  3:10  Zergling x2  
  32  3:17  Overlord  
  32  3:19  Drone  
  33  3:22  Drone  
  34  3:39  Roach x3  
  34  3:40  Roach  
  42  3:44  Zergling x2  
  42  3:47  Zergling x2  
  42  3:53  Lair  
  42  3:57  Zergling x2  
  42  4:00  Overlord  
  42  4:05  Overlord  
  42  4:08  Zergling x2  
  42  4:10  Zergling x2  
  42  4:13  Zergling x2  
  43  4:17  Zergling x2  
  43  4:23  Roach  
  40  4:28  Zergling x2  
  26  4:35  Drone  
  24  4:42  Drone  
  17  5:49  Hatchery  
  16  5:59  Queen  
  18  6:05  Zergling x2  
  19  6:12  Zergling x2  
  20  6:23  Roach  
  22  6:33  Roach  
  24  6:42  Roach  
  26  6:47  Drone  
  27  6:55  Drone  
  27  7:00  Drone  
  29  7:06  Drone  
  30  7:13  Drone  
  31  7:17  Drone  
  32  7:24  Roach  
  34  7:31  Roach  
  36  7:37  Roach  
  38  7:48  Hydralisk Den  
  37  7:55  Drone  
  37  7:57  Drone  
  39  8:02  Zergling x2  
  39  8:05  Zergling x2  
  37  8:10  Roach  
  35  8:14  Roach  
  35  8:19  Hydralisk, Roach  
  39  8:26  Hydralisk  
  43  8:29  Drone  
  43  8:33  Drone  
  45  8:36  Drone  
  45  8:38  Drone  
  47  8:42  Drone  
  47  8:44  Drone  
  47  8:47  Drone  
  50  8:50  Drone  
  50  8:53  Drone  
  53  8:55  Drone  
  53  8:59  Drone  
  54  9:04  Overlord  
  50  9:10  Roach  
  50  9:13  Zergling x2  
  50  9:14  Zergling x2  
  50  9:15  Drone  
  53  9:20  Roach  
  53  9:21  Overseer  
  55  9:25  Drone  
  54  9:32  Roach  
  54  9:35  Drone  
  57  9:42  Drone  
  57  9:44  Drone  
  59  9:47  Overlord  
  59  9:49  Drone  
  59  9:50  Infestation Pit, Roach  
  61  9:53  Drone  
  61  9:58  Drone  
  63  10:05  Drone  
  64  10:08  Drone  
  65  10:15  Drone, Overlord  
  65  10:17  Roach  
  65  10:19  Roach  
  72  10:21  Roach  
  72  10:28  Infestor  
  74  10:32  Infestor  
  75  10:37  Overlord  
  75  10:42  Zergling x2  
  73  10:47  Zergling x2  
  74  10:50  Roach  
  74  10:54  Overseer  
  74  10:56  Roach  
  80  10:57  Overlord, Roach  
  80  10:59  Roach  
  80  11:03  Evolution Chamber  
  83  11:04  Roach  
  83  11:17  Roach  
  81  11:18  Overlord  
  81  11:19  Hydralisk  
  81  11:21  Roach  
  81  11:22  Hydralisk  
  81  11:24  Roach  
  81  11:29  Roach  
  81  11:31  Roach  
  85  11:33  Zerg Ground Armor Level 1  
  85  11:38  Roach  
  85  11:41  Roach  
  85  11:43  Evolution Chamber  
  86  11:49  Roach  
  86  11:52  Roach  
  86  11:53  Overlord  
  90  11:55  Roach  
  90  11:57  Roach  
  87  12:02  Zergling x2  
  87  12:05  Extractor, Zergling x2  
  77  12:09  Zerg Missile Weapons Level 1  
  77  12:11  Infestor  
  77  12:13  Hydralisk  
  77  12:15  Extractor  
  70  12:17  Hive  
  70  12:18  Overseer  
  70  12:22  Hydralisk  
  60  12:23  Infestor  
  60  12:24  Hydralisk  
  60  12:26  Roach  
  60  12:27  Hydralisk  
  70  12:31  Spire  
  70  12:33  Roach  
  71  12:40  Drone  
  72  13:12  Roach  
  74  13:14  Roach  
  74  13:17  Roach  
  74  13:19  Spine Crawler, Roach  
  79  13:21  Roach  
  79  13:22  Drone  
  79  13:23  Roach  
  79  13:26  Roach  
  86  13:27  Overlord  
  86  13:31  Roach  
  86  13:32  Roach  
  86  13:33  Roach  
  92  13:34  Roach  
  94  13:43  Corruptor, Roach  
  94  13:45  Greater Spire  
  98  13:52  Overlord  
  98  13:55  Mutalisk  
  100  13:58  Mutalisk  
  100  13:59  Mutalisk  
  100  14:00  Hydralisk  
  106  14:10  Mutalisk  
  106  14:11  Overlord  
  106  14:15  Mutalisk  
  106  14:16  Mutalisk  
  112  14:26  Mutalisk  
  112  14:29  Mutalisk  
  112  14:31  Overlord  
  116  14:33  Hydralisk  
  116  14:34  Zergling x2  
  116  14:37  Hydralisk  
  93  14:41  Zergling x2  
  78  14:47  Hydralisk  
  80  14:56  Infestor  
  80  14:59  Roach  
  84  15:02  Roach  
  84  15:06  Roach  
  88  15:32  Infestor  
  90  15:40  Roach  
  94  15:43  Roach  
  94  15:51  Overseer  
  94  15:55  Zergling x2  
  92  16:02  Zergling x2  
  86  16:04  Hydralisk  
  86  16:10  Hydralisk  
  76  16:19  Hydralisk  
  78  16:26  Roach  
  78  16:30  Roach  
  82  16:34  Roach  
  82  16:39  Roach  
  86  16:45  Roach  
  88  16:49  Roach  
  84  16:54  Roach  
  84  16:57  Roach  
  84  17:02  Roach  
  84  17:13  Hydralisk  
  84  17:22  Zergling x2  
  82  17:25  Zergling x2  
  74  17:30  Hydralisk  
  70  17:41  Hydralisk  
  70  17:43  Hydralisk  
  62  18:08  Infestor  
  62  18:11  Roach  
  66  18:17  Roach  
  68  18:20  Roach  
  70  18:48  Infestor  
  70  18:53  Roach  
  74  18:58  Roach  
  74  19:02  Roach  
  78  19:06  Roach  
  80  19:12  Roach  
  80  19:16  Roach  
  84  19:21  Roach  
  86  19:31  Overseer  
  86  19:52  Zergling x2  
  85  20:17  Ultralisk Cavern  
  70  20:48  Roach  
  65  20:53  Roach  
  64  20:57  Roach  
  64  20:58  Drone  
  64  21:00  Drone  
  64  21:01  Drone  
  64  21:03  Drone  
  70  21:04  Ultralisk  
  70  21:05  Roach  
  72  21:28  Drone  
  72  21:34  Drone  
  8  25:32  Drone  
Show
View Real Time Build Order
Export as new Build Order

A.I. 6 (Elite) Zerg 

Build Orders: Hatch First 

Get SALT Encoding   

  12  0:01  Drone  
  13  0:12  Overlord  
  13  0:16  Drone  
  14  0:30  Drone x2  
  14  0:34  Drone  
  17  0:57  Hatchery  
  17  0:58  Drone  
  17  1:14  Spawning Pool  
  17  1:16  Extractor  
  17  1:17  Drone  
  16  1:22  Drone  
  17  1:26  Drone  
  17  1:29  Drone  
  19  1:39  Overlord  
  18  1:49  Drone  
  19  2:00  Drone  
  20  2:02  Queen  
  22  2:09  Zergling x2  
  22  2:11  Drone  
  24  2:22  Queen  
  26  2:27  Drone  
  27  2:38  Roach Warren  
  27  2:40  Drone  
  27  2:44  Extractor  
  27  2:46  Drone  
  27  2:53  Overlord  
  27  2:56  Drone  
  28  3:00  Drone  
  28  3:04  Drone  
  30  3:07  Drone  
  30  3:10  Drone  
  32  3:14  Zergling x2  
  32  3:18  Zergling x2  
  34  3:21  Roach  
  34  3:26  Roach  
  38  3:31  Roach  
  40  3:34  Roach  
  40  3:37  Zergling x2  
  40  3:40  Drone  
  43  3:43  Zergling x2  
  43  3:45  Zergling x2  
  43  3:54  Roach  
  43  3:56  Overlord  
  43  3:58  Roach  
  43  4:01  Zergling x2  
  41  4:04  Zergling x2  
  41  4:08  Zergling x2  
  41  4:09  Zergling x2  
  38  4:12  Zergling x2  
  38  4:15  Zergling x2  
  40  4:19  Roach  
  40  4:25  Roach  
  41  4:33  Zergling x2  
  41  4:34  Roach  
  44  4:41  Queen  
  44  4:44  Drone  
  46  4:48  Drone  
  46  4:51  Zergling x2  
  44  4:57  Zergling x2  
  44  5:01  Zergling x2  
  44  5:06  Lair  
  44  5:13  Drone  
  45  5:15  Zergling x2  
  45  5:18  Drone  
  45  5:21  Drone  
  47  5:23  Drone  
  47  5:25  Drone  
  47  5:28  Drone  
  50  5:30  Drone  
  50  5:33  Drone  
  52  5:35  Overlord  
  52  5:54  Drone x2  
  52  5:55  Drone x2  
  52  5:56  Drone  
  57  6:00  Zergling x2  
  58  6:04  Zergling x2  
  58  6:05  Overlord, Zergling x2  
  58  6:06  Overlord  
  58  6:07  Infestation Pit  
  58  6:10  Drone  
  60  6:16  Spire  
  60  6:17  Drone  
  57  6:20  Zergling x2  
  57  6:21  Zergling x2  
  57  6:24  Zergling x2  
  57  6:25  Roach  
  62  6:28  Roach  
  63  6:32  Drone  
  63  6:35  Drone, Hydralisk Den  
  63  6:37  Roach  
  63  6:38  Drone  
  62  6:42  Drone  
  62  6:45  Drone  
  64  6:50  Drone  
  64  6:52  Overlord  
  65  6:57  Hive  
  65  7:05  Hydralisk  
  65  7:07  Hydralisk  
  69  7:13  Hydralisk  
  69  7:14  Overlord  
  71  7:20  Extractor  
  71  7:22  Hydralisk  
  68  7:24  Extractor  
  68  7:30  Overseer  
  68  7:31  Corruptor  
  68  7:36  Evolution Chamber  
  68  7:37  Drone  
  68  7:39  Zergling x2  
  68  7:40  Zergling x2  
  68  7:42  Roach  
  68  7:43  Drone  
  70  7:45  Drone  
  70  7:46  Roach  
  70  7:48  Drone  
  70  7:49  Drone  
  71  7:54  Drone  
  71  7:56  Drone  
  71  7:57  Hatchery, Corruptor  
  74  7:59  Drone  
  74  8:01  Roach  
  74  8:03  Roach  
  74  8:04  Roach  
  81  8:05  Overlord  
  81  8:08  Greater Spire  
  81  8:09  Roach  
  81  8:12  Roach  
  85  8:18  Roach  
  87  8:22  Roach  
  89  8:27  Roach  
  89  8:28  Overlord  
  89  8:30  Roach  
  89  8:31  Roach  
  89  8:33  Roach  
  97  8:47  Roach  
  99  8:49  Overlord  
  99  8:51  Roach  
  99  8:53  Roach  
  105  8:55  Roach  
  105  8:58  Zerg Missile Weapons Level 1  
  105  9:05  Evolution Chamber  
  105  9:08  Roach  
  106  9:11  Overlord  
  106  9:14  Roach  
  106  9:15  Drone  
  105  9:18  Roach  
  105  9:20  Drone  
  105  9:22  Roach  
  102  9:24  Roach  
  102  9:25  Roach  
  102  9:27  Roach  
  102  9:29  Drone  
  102  9:30  Hydralisk  
  107  9:32  Roach  
  107  9:33  Roach  
  107  9:35  Roach  
  107  9:37  Drone  
  107  9:38  Extractor  
  109  9:39  Overlord  
  109  9:40  Roach  
  109  9:42  Hydralisk, Roach  
  113  9:46  Lair, Drone  
  113  9:51  Drone  
  115  9:56  Drone  
  115  9:57  Roach  
  115  9:58  Roach  
  115  9:59  Zergling x2  
  116  10:00  Overlord  
  116  10:02  Drone  
  116  10:03  Zergling x2  
  116  10:05  Drone  
  114  10:07  Roach  
  114  10:08  Drone  
  114  10:10  Roach  
  114  10:13  Drone  
  112  10:19  Corruptor  
  114  10:21  Roach  
  114  10:23  Roach  
  114  10:24  Roach  
  114  10:26  Roach  
  114  10:27  Mutalisk  
  124  10:30  Mutalisk  
  124  10:35  Roach  
  124  10:37  Roach  
  124  10:38  Hydralisk  
  124  10:42  Hydralisk  
  112  10:43  Hydralisk  
  112  10:49  Spire  
  103  10:50  Corruptor  
  103  10:52  Extractor  
  103  10:53  Roach  
  103  10:55  Roach  
  103  10:56  Roach  
  110  10:58  Roach  
  110  11:01  Roach  
  110  11:02  Roach  
  110  11:04  Roach  
  118  11:05  Roach  
  118  11:08  Hydralisk  
  122  11:15  Drone  
  122  11:16  Hydralisk  
  125  11:20  Mutalisk  
  125  11:24  Overlord  
  125  11:25  Hydralisk  
  127  11:27  Brood Lord  
  127  11:29  Corruptor  
  133  11:39  Brood Lord  
  135  11:45  Corruptor  
  137  11:48  Overlord  
  137  11:49  Hydralisk  
  137  11:51  Hydralisk  
  140  11:56  Zergling x2  
  140  11:58  Roach  
  121  12:01  Roach  
  121  12:03  Hydralisk, Roach  
  121  12:06  Roach  
  121  12:07  Roach  
  100  12:08  Roach  
  100  12:09  Zergling x2  
  100  12:11  Roach  
  100  12:12  Roach  
  100  12:14  Roach  
  97  12:18  Brood Lord  
  97  12:19  Roach  
  101  12:25  Corruptor  
  101  12:28  Overseer  
  100  12:44  Roach  
  100  12:46  Zergling x2  
  100  12:48  Roach  
  100  12:50  Roach  
  105  12:51  Roach  
  105  12:53  Roach  
  105  12:54  Roach  
  105  12:58  Roach  
  111  12:59  Roach  
  111  13:01  Roach  
  111  13:02  Roach  
  111  13:03  Roach  
  117  13:06  Roach  
  117  13:08  Brood Lord  
  121  13:14  Corruptor  
  121  13:16  Overlord  
  121  13:19  Mutalisk  
  125  13:25  Mutalisk  
  127  13:32  Mutalisk  
  129  13:37  Overlord  
  129  13:39  Mutalisk  
  131  13:44  Mutalisk  
  133  13:49  Mutalisk  
  135  13:58  Mutalisk  
  135  14:01  Overlord  
  136  14:03  Hydralisk  
  136  14:06  Zergling x2  
  136  14:08  Roach  
  133  14:11  Roach  
  133  14:13  Roach  
  133  14:15  Roach  
  137  14:17  Roach  
  137  14:19  Roach  
  137  14:20  Mutalisk  
  137  14:22  Mutalisk  
  143  14:26  Overlord  
  143  14:31  Hydralisk  
  143  14:34  Hydralisk  
  143  14:36  Hydralisk  
  149  14:38  Hydralisk  
  149  14:42  Hydralisk  
  153  14:46  Overlord  
  153  14:48  Mutalisk  
  145  14:54  Hydralisk  
  145  14:57  Hydralisk  
  145  15:03  Corruptor  
  146  15:07  Hydralisk  
  146  15:10  Zergling x2  
  146  15:14  Mutalisk  
  151  15:23  Mutalisk  
  151  15:26  Overseer  
  151  15:28  Overlord  
  146  15:30  Zergling x2  
  146  15:33  Roach  
  146  15:35  Roach  
  137  15:36  Roach  
  137  15:38  Roach  
  137  15:41  Roach  
  137  15:42  Roach  
  145  15:44  Hydralisk  
  145  15:48  Mutalisk  
  149  15:56  Hydralisk  
  151  16:05  Mutalisk  
  153  16:13  Mutalisk  
  155  16:20  Hydralisk  
  155  16:22  Overlord  
  149  16:26  Hydralisk  
  136  16:38  Zergling x2  
  137  16:47  Mutalisk  
  137  16:52  Zergling x2  
  131  16:54  Roach  
  131  16:57  Corruptor  
  97  17:10  Corruptor  
  97  17:13  Roach  
  97  17:15  Roach  
  91  17:19  Roach  
  91  17:22  Roach  
  91  17:23  Roach  
  91  17:26  Roach  
  91  17:28  Roach  
  97  17:31  Roach  
  97  17:33  Roach  
  97  17:35  Roach  
  103  17:38  Roach  
  103  17:40  Roach  
  103  17:41  Brood Lord  
  109  17:52  Corruptor  
  113  18:05  Brood Lord  
  113  18:07  Roach  
  115  18:18  Corruptor  
  117  18:30  Roach  
  119  18:38  Roach  
  121  19:12  Roach  
  121  19:16  Roach  
  125  19:23  Roach  
  127  19:27  Overseer  
  127  19:34  Hydralisk  
  129  19:42  Hydralisk  
  130  19:46  Zergling x2  
  130  19:51  Hydralisk  
  131  19:59  Zergling x2  
  125  20:01  Roach  
  125  20:06  Mutalisk  
  127  20:12  Roach  
  117  20:16  Roach  
  102  20:21  Roach  
  102  20:25  Roach  
  96  20:32  Roach  
  96  20:34  Roach  
  76  20:42  Zergling x2  
  76  20:46  Zergling x2  
  76  20:49  Hydralisk  
  65  20:55  Hydralisk  
  66  21:01  Hydralisk  
  68  21:04  Overseer  
  66  21:14  Roach  
  66  21:16  Roach  
  60  21:23  Roach  
  62  21:29  Roach  
  64  21:36  Roach  
  66  21:48  Corruptor  
  68  22:04  Corruptor  
  64  22:17  Hydralisk  
  66  22:29  Hydralisk  
  66  22:41  Hydralisk  
  68  23:05  Corruptor  
  70  23:31  Roach  
  71  23:37  Zergling x2  
  71  23:39  Brood Lord  
  55  23:50  Zergling x2  
  42  24:41  Queen  
  44  24:50  Overlord  
  44  24:52  Zergling x2  
Show
View Real Time Build Order
Export as new Build Order

A.I. 7 (Elite) Zerg - Winner!

Build Orders: Pool First 

Get SALT Encoding   

  12  0:01  Drone  
  13  0:12  Overlord  
  13  0:17  Drone  
  14  0:30  Drone  
  15  0:40  Spawning Pool  
  15  0:41  Drone  
  15  0:46  Drone  
  16  0:50  Drone  
  16  0:53  Extractor  
  16  0:56  Drone  
  17  1:06  Drone  
  18  1:17  Drone  
  19  1:28  Queen  
  19  1:30  Zergling x2  
  22  1:33  Roach Warren  
  22  1:38  Overlord  
  21  1:49  Drone  
  22  2:00  Overlord  
  22  2:13  Roach  
  24  2:21  Roach  
  26  2:32  Roach  
  26  2:35  Overlord  
  26  2:36  Roach x2  
  34  2:44  Roach  
  34  2:58  Hatchery  
  33  3:01  Drone  
  34  3:08  Metabolic Boost  
  34  3:13  Zergling x2  
  34  3:16  Zergling x2  
  37  3:20  Zergling x2  
  37  3:24  Zergling x2  
  38  3:27  Zergling x2  
  39  3:37  Drone  
  39  3:38  Extractor  
  39  3:44  Lair  
  38  4:05  Overlord  
  38  4:08  Drone  
  39  4:13  Drone  
  40  4:19  Drone  
  41  4:25  Drone  
  41  4:29  Drone  
  41  4:34  Drone  
  41  4:38  Drone  
  41  4:41  Zergling x2  
  41  4:44  Drone  
  42  4:45  Hydralisk Den  
  42  4:47  Zergling x2  
  40  4:53  Roach  
  40  4:55  Drone  
  40  4:58  Drone  
  44  5:01  Drone  
  44  5:04  Drone  
  46  5:07  Drone  
  46  5:09  Drone  
  46  5:12  Drone  
  49  5:14  Hydralisk  
  49  5:16  Drone  
  49  5:20  Hydralisk  
  50  5:23  Roach  
  50  5:26  Roach  
  48  5:31  Roach  
  48  5:35  Roach  
  52  5:41  Roach  
  54  5:45  Overlord  
  54  5:46  Drone  
  54  5:49  Infestation Pit  
  54  5:51  Drone  
  54  5:52  Drone  
  54  5:56  Drone  
  57  6:05  Drone  
  57  6:08  Drone  
  59  6:14  Overlord  
  61  6:18  Roach  
  61  6:19  Drone  
  61  6:20  Drone, Roach  
  65  6:28  Extractor  
  65  6:29  Drone, Infestor  
  67  6:34  Extractor  
  67  6:35  Drone  
  67  6:42  Drone  
  67  6:45  Overlord  
  68  6:48  Hatchery  
  68  6:49  Drone  
  68  6:50  Roach  
  68  6:51  Drone  
  68  6:52  Drone  
  72  6:56  Drone  
  73  7:03  Drone  
  73  7:08  Drone  
  74  7:11  Overseer  
  74  7:15  Zergling x2  
  74  7:17  Zergling x2  
  74  7:21  Roach  
  74  7:22  Roach  
  71  7:23  Drone  
  71  7:25  Drone  
  71  7:28  Roach  
  68  7:36  Zergling x2  
  62  7:40  Zergling x2  
  55  7:47  Roach  
  55  7:50  Roach  
  55  7:55  Drone  
  58  8:02  Roach  
  59  8:09  Roach  
  59  8:12  Roach  
  58  8:15  Roach  
  54  8:21  Hydralisk  
  54  8:22  Hydralisk  
  54  8:28  Spawning Pool  
  53  8:39  Drone  
  55  8:41  Drone  
  55  8:43  Drone  
  55  8:45  Hatchery, Drone  
  56  8:54  Drone  
  56  8:55  Drone  
  58  9:05  Drone  
  58  9:06  Drone  
  60  9:12  Evolution Chamber  
  60  9:15  Drone, Queen  
  60  9:17  Drone  
  63  9:18  Zergling x2  
  63  9:22  Roach Warren  
  63  9:27  Drone, Zergling x2  
  63  9:28  Pneumatized Carapace  
  65  9:36  Drone  
  65  9:38  Drone  
  67  9:41  Zerg Ground Armor Level 1  
  67  9:47  Drone  
  67  9:49  Drone  
  67  9:50  Queen  
  71  9:57  Drone  
  71  9:58  Drone, Infestor, Extractor  
  74  10:02  Burrow  
  74  10:04  Ravager  
  74  10:05  Extractor  
  74  10:07  Roach  
  74  10:09  Roach  
  74  10:10  Drone  
  79  10:18  Drone  
  79  10:19  Overlord  
  79  10:20  Drone  
  81  10:22  Drone  
  81  10:23  Drone  
  81  10:25  Drone  
  84  10:28  Drone  
  84  10:31  Drone  
  84  10:32  Drone  
  87  10:38  Spine Crawler  
  87  10:40  Drone  
  87  10:41  Overlord  
  87  10:43  Drone  
  87  10:44  Spine Crawler  
  87  10:50  Spine Crawler  
  87  10:51  Lair, Hydralisk, Roach  
  87  10:53  Hydralisk  
  92  10:57  Drone  
  92  10:59  Drone  
  92  11:00  Drone, Spine Crawler, Infestor  
  92  11:02  Overlord  
  92  11:03  Drone  
  95  11:05  Drone, Roach x2  
  95  11:08  Drone  
  95  11:09  Roach  
  95  11:10  Drone  
  99  11:11  Roach  
  99  11:12  Roach  
  99  11:13  Roach  
  99  11:14  Zergling x2  
  99  11:16  Hydralisk, Zergling x2  
  99  11:17  Roach  
  99  11:18  Roach  
  98  11:19  Hydralisk  
  98  11:24  Overlord  
  94  11:28  Drone x2  
  94  11:29  Hydralisk  
  94  11:31  Drone, Roach  
  96  11:32  Roach  
  96  11:34  Roach  
  96  11:35  Roach  
  96  11:37  Roach  
  96  11:38  Roach  
  96  11:40  Roach  
  96  11:41  Roach  
  96  11:44  Zergling x2  
  98  11:48  Roach  
  98  11:50  Hydralisk  
  98  11:51  Spire  
  98  11:52  Hive  
  101  11:55  Roach  
  101  11:58  Evolution Chamber  
  101  11:59  Roach  
  104  12:02  Overlord  
  104  12:04  Roach  
  104  12:05  Roach  
  104  12:07  Roach  
  104  12:08  Roach  
  112  12:11  Zerg Missile Weapons Level 1  
  112  12:12  Hydralisk  
  112  12:13  Hydralisk  
  116  12:17  Hydralisk  
  116  12:22  Overlord  
  118  12:29  Roach, Muscular Augments  
  118  12:39  Spore Crawler, Roach  
  118  12:40  Roach  
  118  12:41  Roach  
  118  12:43  Overlord  
  121  12:45  Roach  
  121  12:47  Roach  
  121  12:49  Roach  
  121  12:51  Roach  
  103  12:52  Spore Crawler, Zergling x2  
  103  12:53  Overseer  
  103  12:57  Zergling x2  
  104  12:58  Roach  
  104  12:59  Roach  
  104  13:01  Spore Crawler, Roach  
  104  13:02  Roach  
  104  13:03  Roach  
  104  13:05  Corruptor  
  111  13:08  Corruptor  
  111  13:10  Roach  
  117  13:12  Spore Crawler  
  117  13:13  Lair  
  117  13:15  Greater Spire  
  117  13:16  Hydralisk  
  117  13:19  Hydralisk  
  120  13:21  Overlord  
  120  13:26  Hydralisk  
  120  13:29  Hydralisk  
  120  13:32  Hydralisk  
  120  13:33  Hydralisk  
  128  13:34  Hydralisk  
  128  13:35  Hydralisk  
  128  13:39  Hydralisk  
  134  13:41  Overlord  
  134  13:44  Hydralisk  
  136  13:48  Hydralisk  
  136  13:51  Hydralisk  
  136  13:52  Hydralisk  
  142  14:01  Hydralisk  
  144  14:04  Overlord  
  144  14:05  Hydralisk  
  144  14:07  Hydralisk  
  144  14:08  Mutalisk  
  150  14:10  Mutalisk  
  150  14:13  Zerg Missile Weapons Level 2  
  152  14:23  Mutalisk  
  152  14:24  Overlord  
  152  14:25  Hydralisk  
  152  14:27  Mutalisk  
  152  14:29  Mutalisk  
  152  14:30  Hydralisk  
  147  14:33  Roach  
  147  14:37  Zergling x2  
  97  14:39  Corruptor  
  97  14:41  Zergling x2  
  97  14:42  Roach  
  97  14:43  Hydralisk  
  97  14:45  Hydralisk, Roach  
  86  14:48  Spine Crawler  
  86  14:52  Roach  
  87  14:55  Spire, Hydralisk  
  87  14:57  Corruptor  
  80  15:03  Zergling x2  
  80  15:05  Drone  
  80  15:07  Hydralisk, Roach  
  79  15:09  Roach  
  79  15:11  Roach  
  79  15:12  Roach  
  89  15:14  Roach  
  89  15:15  Drone  
  89  15:18  Zergling x2  
  89  15:25  Roach  
  89  15:27  Zergling x2  
  89  15:28  Drone  
  82  15:29  Hydralisk  
  82  15:32  Roach  
  82  15:33  Roach  
  86  15:36  Roach  
  79  15:44  Hydralisk  
  79  15:46  Hydralisk  
  79  15:48  Hydralisk  
  79  15:49  Hydralisk  
  82  15:50  Hydralisk  
  82  15:52  Hydralisk  
  82  15:55  Zergling x2  
  80  15:57  Brood Lord  
  80  15:59  Hatchery  
  80  16:02  Corruptor  
  80  16:03  Hydralisk  
  82  16:04  Extractor  
  82  16:06  Zergling x2  
  80  16:12  Roach Warren  
  80  16:16  Hydralisk  
  75  16:21  Zergling x2  
  75  16:22  Drone  
  71  16:30  Queen  
  73  16:36  Drone  
  73  16:38  Hydralisk  
  72  16:40  Zergling x2  
  72  16:45  Roach  
  72  16:47  Hydralisk, Roach  
  73  16:50  Zergling x2  
  73  16:53  Roach  
  67  16:55  Roach  
  67  16:56  Roach  
  67  16:58  Roach  
  67  17:05  Hydralisk  
  67  17:09  Hydralisk  
  67  17:13  Drone  
  66  17:19  Hydralisk  
  68  17:29  Roach  
  68  17:40  Roach  
  68  17:42  Zergling x2  
  68  17:43  Roach  
  72  17:45  Roach  
  72  17:50  Evolution Chamber, Mutalisk  
  74  17:54  Drone  
  74  17:55  Drone  
  74  17:56  Drone  
  74  17:57  Roach  
  74  18:04  Brood Lord  
  52  18:53  Zergling x2  
  53  19:04  Hatchery  
  52  19:32  Hydralisk  
  52  19:33  Hydralisk  
  52  19:38  Roach x2  
  49  19:52  Zergling x2  
  33  20:13  Zergling x2  
  34  20:20  Drone  
  33  20:45  Zergling x2  
  34  20:54  Roach  
  36  21:00  Roach  
  38  21:06  Roach  
  40  21:12  Roach  
  42  21:20  Hydralisk  
  44  21:26  Hydralisk  
  46  21:36  Hydralisk  
  46  21:39  Roach  
  49  21:41  Zergling x2  
  49  21:46  Roach  
  52  21:51  Roach  
  54  21:55  Roach  
  56  22:02  Hydralisk  
  56  22:07  Hydralisk  
  60  22:13  Mutalisk  
  62  22:17  Mutalisk  
  64  22:22  Mutalisk  
  64  22:29  Mutalisk  
  68  22:31  Ravager  
  69  22:37  Roach  
  69  22:39  Ravager  
  72  22:44  Roach  
  74  22:51  Roach  
  74  22:55  Roach  
  78  23:03  Roach  
  80  23:11  Roach  
  82  23:15  Drone x2  
  82  23:18  Roach  
  84  23:23  Drone  
  84  23:24  Mutalisk  
  86  23:27  Drone  
  85  23:58  Roach  
  85  24:04  Hydralisk  
  48  24:40  Zergling x2  
  48  24:42  Zergling x2  
  48  24:43  Hydralisk  
  52  25:37  Corruptor  
  54  26:51  Corruptor  
  56  27:02  Roach  
  58  27:19  Hydralisk  
  58  27:25  Brood Lord  
Tags
 
Add a new tag
Caveats
  • Supply blocks, unpowered buildings, or Contaminate may cause inaccurate times.
  • Supply counts are checked every 10 seconds.